Unix NetHack Version 3.7.0-65 Work-in-progress - last build Sep 26 2022 05:48:34 (a9070be95fe145525c880ceec589f5104d392f49,branch:master).

Game began 2022-09-25 09:29:09, ended 2022-09-26 15:52:24.

rustyspoon, lawful female orcish Rogue

  
unexplored area
unexplored area
unexplored area
unexplored area
unexplored area
unexplored area
unexplored area
unexplored area
unexplored area
unexplored area
unexplored area
unexplored area
unexplored area
unexplored area
unexplored area
unexplored area
unexplored area
unexplored area
unexplored area
unexplored area
unexplored area
unexplored area
unexplored area
unexplored area
unexplored area
unexplored area
unexplored area
unexplored area
unexplored area
unexplored area
unexplored area
unexplored area
unexplored area
unexplored area
unexplored area
unexplored area
unexplored area
unexplored area
unexplored area
unexplored area
unexplored area
unexplored area
unexplored area
unexplored area
unexplored area
unexplored area
unexplored area
unexplored area
unexplored area
unexplored area
unexplored area
unexplored area
unexplored area
unexplored area
unexplored area
unexplored area
unexplored area
unexplored area
unexplored area
unexplored area
unexplored area
unexplored area
unexplored area
unexplored area
unexplored area
unexplored area
unexplored area
unexplored area
unexplored area
unexplored area
unexplored area
unexplored area
unexplored area
unexplored area
unexplored area
unexplored area
unexplored area
unexplored area
unexplored area
unexplored area
unexplored area
unexplored area
unexplored area
unexplored area
unexplored area
unexplored area
unexplored area
unexplored area
unexplored area
unexplored area
unexplored area
unexplored area
unexplored area
unexplored area
unexplored area
unexplored area
unexplored area
unexplored area
unexplored area
unexplored area
unexplored area
unexplored area
unexplored area
unexplored area
unexplored area
unexplored area
unexplored area
unexplored area
unexplored area
unexplored area
unexplored area
unexplored area
unexplored area
unexplored area
unexplored area
unexplored area
unexplored area
unexplored area
unexplored area
unexplored area
unexplored area
unexplored area
unexplored area
unexplored area
unexplored area
unexplored area
unexplored area
unexplored area
unexplored area
unexplored area
unexplored area
unexplored area
unexplored area
unexplored area
unexplored area
unexplored area
unexplored area
unexplored area
unexplored area
unexplored area
unexplored area
unexplored area
unexplored area
unexplored area
unexplored area
unexplored area
unexplored area
unexplored area
unexplored area
unexplored area
unexplored area
unexplored area
unexplored area
unexplored area
unexplored area
unexplored area
unexplored area
unexplored area
unexplored area
unexplored area
unexplored area
unexplored area
unexplored area
unexplored area
unexplored area
unexplored area
unexplored area
unexplored area
unexplored area
unexplored area
unexplored area
unexplored area
unexplored area
unexplored area
unexplored area
unexplored area
unexplored area
unexplored area
unexplored area
unexplored area
unexplored area
unexplored area
unexplored area
unexplored area
unexplored area
unexplored area
unexplored area
unexplored area
unexplored area
unexplored area
unexplored area
HAngel of Mog
unexplored area
unexplored area
unexplored area
unexplored area
unexplored area
unexplored area
unexplored area
unexplored area
unexplored area
unexplored area
unexplored area
@invisible Angel of Kos
unexplored area
unexplored area
unexplored area
unexplored area
unexplored area
unexplored area
unexplored area
unexplored area
unexplored area
unexplored area
unexplored area
unexplored area
unexplored area
unexplored area
unexplored area
unexplored area
unexplored area
unexplored area
unexplored area
unexplored area
unexplored area
unexplored area
unexplored area
unexplored area
unexplored area
unexplored area
unexplored area
unexplored area
unexplored area
unexplored area
unexplored area
unexplored area
unexplored area
unexplored area
unexplored area
unexplored area
unexplored area
unexplored area
unexplored area
unexplored area
unexplored area
unexplored area
unexplored area
unexplored area
unexplored area
unexplored area
unexplored area
unexplored area
unexplored area
unexplored area
unexplored area
unexplored area
unexplored area
unexplored area
unexplored area
unexplored area
unexplored area
unexplored area
unexplored area
unexplored area
unexplored area
unexplored area
unexplored area
unexplored area
unexplored area
unexplored area
unexplored area
Dsoldier ant
wall
wall
wall
wall
wall
wall
wall
wall
wall
unexplored area
unexplored area
unexplored area
unexplored area
unexplored area
unexplored area
unexplored area
unexplored area
unexplored area
unexplored area
unexplored area
unexplored area
unexplored area
unexplored area
unexplored area
unexplored area
unexplored area
unexplored area
unexplored area
unexplored area
unexplored area
unexplored area
unexplored area
unexplored area
unexplored area
unexplored area
unexplored area
unexplored area
unexplored area
unexplored area
unexplored area
unexplored area
unexplored area
unexplored area
unexplored area
unexplored area
unexplored area
unexplored area
unexplored area
unexplored area
unexplored area
unexplored area
unexplored area
unexplored area
unexplored area
unexplored area
unexplored area
unexplored area
unexplored area
unexplored area
unexplored area
unexplored area
unexplored area
unexplored area
unexplored area
unexplored area
unexplored area
unexplored area
unexplored area
unexplored area
unexplored area
unexplored area
unexplored area
unexplored area
unexplored area
unexplored area
unexplored area
unexplored area
unexplored area
unexplored area
wall
.dark part of a room
.dark part of a room
.dark part of a room
.dark part of a room
.dark part of a room
.dark part of a room
.dark part of a room
wall
unexplored area
unexplored area
unexplored area
unexplored area
unexplored area
unexplored area
unexplored area
unexplored area
unexplored area
unexplored area
unexplored area
unexplored area
unexplored area
unexplored area
unexplored area
unexplored area
unexplored area
unexplored area
unexplored area
unexplored area
unexplored area
unexplored area
unexplored area
unexplored area
unexplored area
unexplored area
unexplored area
unexplored area
unexplored area
unexplored area
unexplored area
unexplored area
unexplored area
unexplored area
unexplored area
unexplored area
unexplored area
unexplored area
unexplored area
unexplored area
unexplored area
unexplored area
unexplored area
unexplored area
unexplored area
unexplored area
unexplored area
unexplored area
unexplored area
unexplored area
unexplored area
unexplored area
unexplored area
unexplored area
unexplored area
unexplored area
unexplored area
unexplored area
unexplored area
unexplored area
unexplored area
unexplored area
unexplored area
unexplored area
unexplored area
unexplored area
unexplored area
unexplored area
unexplored area
unexplored area
wall
.dark part of a room
.dark part of a room
.dark part of a room
.dark part of a room
@giant beetle
.dark part of a room
.dark part of a room
wall
unexplored area
unexplored area
unexplored area
unexplored area
unexplored area
unexplored area
unexplored area
unexplored area
unexplored area
unexplored area
unexplored area
unexplored area
unexplored area
unexplored area
unexplored area
unexplored area
unexplored area
unexplored area
unexplored area
unexplored area
unexplored area
unexplored area
unexplored area
unexplored area
unexplored area
unexplored area
unexplored area
unexplored area
unexplored area
unexplored area
unexplored area
unexplored area
unexplored area
unexplored area
unexplored area
unexplored area
unexplored area
unexplored area
unexplored area
unexplored area
unexplored area
unexplored area
unexplored area
unexplored area
unexplored area
unexplored area
@priestess of Mog
unexplored area
unexplored area
HAngel of Mog
Hrenegade Angel of Kos
unexplored area
unexplored area
unexplored area
unexplored area
unexplored area
unexplored area
unexplored area
unexplored area
unexplored area
unexplored area
unexplored area
unexplored area
unexplored area
unexplored area
unexplored area
unexplored area
unexplored area
@giant beetle
~priestess of Mog
wall
.dark part of a room
.dark part of a room
.dark part of a room
@orcish rogue called rustyspoon
@high priest of Issek
@giant beetle
.dark part of a room
wall
unexplored area
unexplored area
unexplored area
unexplored area
unexplored area
unexplored area
unexplored area
unexplored area
unexplored area
unexplored area
unexplored area
unexplored area
unexplored area
unexplored area
unexplored area
unexplored area
unexplored area
unexplored area
unexplored area
unexplored area
unexplored area
unexplored area
Zrenegade Angel of Kos
unexplored area
unexplored area
rAngel of Issek
aAngel of Kos
unexplored area
unexplored area
unexplored area
unexplored area
unexplored area
unexplored area
unexplored area
unexplored area
unexplored area
unexplored area
unexplored area
&vampire bat
unexplored area
unexplored area
unexplored area
unexplored area
unexplored area
unexplored area
unexplored area
unexplored area
unexplored area
unexplored area
unexplored area
gpriest of Mog
unexplored area
unexplored area
unexplored area
unexplored area
unexplored area
unexplored area
unexplored area
unexplored area
unexplored area
unexplored area
unexplored area
unexplored area
unexplored area
unexplored area
unexplored area
unexplored area
unexplored area
unexplored area
Xpriestess of Kos
wall
.dark part of a room
.dark part of a room
%a giant beetle corpse
.dark part of a room
.dark part of a room
jgiant ant
.dark part of a room
wall
unexplored area
unexplored area
unexplored area
unexplored area
unexplored area
unexplored area
unexplored area
unexplored area
unexplored area
unexplored area
unexplored area
unexplored area
unexplored area
unexplored area
unexplored area
unexplored area
unexplored area
unexplored area
unexplored area
unexplored area
Wpriest of Kos
unexplored area
unexplored area
unexplored area
unexplored area
unexplored area
unexplored area
unexplored area
unexplored area
unexplored area
unexplored area
unexplored area
unexplored area
unexplored area
unexplored area
unexplored area
unexplored area
unexplored area
fAngel of Issek
unexplored area
unexplored area
unexplored area
unexplored area
unexplored area
unexplored area
@priest of Issek
unexplored area
unexplored area
unexplored area
nrenegade priest of Kos
unexplored area
unexplored area
unexplored area
unexplored area
unexplored area
unexplored area
unexplored area
jpriest of Moloch
unexplored area
unexplored area
;priest of Moloch
unexplored area
unexplored area
unexplored area
unexplored area
unexplored area
unexplored area
wall
unexplored area
unexplored area
wall
.dark part of a room
@fire ant
.dark part of a room
Dgiant beetle
.dark part of a room
Kpriest of Issek
.dark part of a room
wall
unexplored area
unexplored area
wall
unexplored area
unexplored area
unexplored area
unexplored area
unexplored area
unexplored area
unexplored area
unexplored area
unexplored area
unexplored area
unexplored area
unexplored area
unexplored area
unexplored area
unexplored area
Mpriestess of Issek
unexplored area
Mrenegade priest of Kos
unexplored area
unexplored area
unexplored area
unexplored area
unexplored area
unexplored area
unexplored area
@glass piercer, hiding on the ceiling
unexplored area
unexplored area
unexplored area
unexplored area
unexplored area
unexplored area
unexplored area
unexplored area
unexplored area
unexplored area
Mcaveman called Pat the Rover
unexplored area
unexplored area
pblue dragon
unexplored area
unexplored area
unexplored area
unexplored area
unexplored area
unexplored area
unexplored area
~priest of Issek
qAngel of Kos
unexplored area
unexplored area
unexplored area
unexplored area
unexplored area
unexplored area
unexplored area
unexplored area
unexplored area
unexplored area
unexplored area
unexplored area
unexplored area
unexplored area
unexplored area
wall
.dark part of a room
unexplored area
wall
wall
wall
wall
ogiant ant
wall
wall
wall
wall
unexplored area
.dark part of a room
wall
unexplored area
unexplored area
unexplored area
unexplored area
unexplored area
unexplored area
unexplored area
unexplored area
unexplored area
Rinvisible wizard called Richard the Necromancer
@priest of Moloch
unexplored area
unexplored area
unexplored area
unexplored area
unexplored area
unexplored area
GAngel of Mog
unexplored area
unexplored area
unexplored area
ahigh priestess of Kos
unexplored area
unexplored area
unexplored area
unexplored area
unexplored area
unexplored area
unexplored area
unexplored area
unexplored area
unexplored area
unexplored area
unexplored area
unexplored area
unexplored area
unexplored area
unexplored area
unexplored area
unexplored area
unexplored area
unexplored area
@high priest of Mog
unexplored area
unexplored area
unexplored area
unexplored area
unexplored area
unexplored area
unexplored area
unexplored area
unexplored area
unexplored area
unexplored area
kpriestess of Moloch
ZAngel of Moloch
unexplored area
unexplored area
unexplored area
unexplored area
unexplored area
unexplored area
unexplored area
unexplored area
wall
.dark part of a room
.dark part of a room
.dark part of a room
Vgiant ant
.dark part of a room
sAngel of Mog
@renegade Angel of Kos
'renegade priestess of Kos
.dark part of a room
.dark part of a room
.dark part of a room
.dark part of a room
.dark part of a room
wall
unexplored area
unexplored area
unexplored area
unexplored area
unexplored area
unexplored area
qpriest of Moloch
upriest of Moloch
unexplored area
unexplored area
&priest of Moloch
unexplored area
Fwhite dragon
unexplored area
unexplored area
unexplored area
unexplored area
unexplored area
unexplored area
unexplored area
unexplored area
unexplored area
unexplored area
unexplored area
jwizard called Mike the Mage
unexplored area
unexplored area
unexplored area
unexplored area
unexplored area
unexplored area
unexplored area
unexplored area
unexplored area
unexplored area
unexplored area
unexplored area
unexplored area
unexplored area
unexplored area
unexplored area
unexplored area
unexplored area
unexplored area
unexplored area
unexplored area
DAngel of Mog
unexplored area
@priestess of Kos
unexplored area
unexplored area
unexplored area
unexplored area
unexplored area
unexplored area
vpriest of Moloch
unexplored area
unexplored area
unexplored area
@Angel of Moloch
unexplored area
unexplored area
unexplored area
unexplored area
unexplored area
unexplored area
wall
DAngel of Issek
.dark part of a room
@giant beetle
egiant ant
Nguardian Angel of Kos
%a giant ant corpse
.dark part of a room
@priest of Moloch
.dark part of a room
wall
unexplored area
unexplored area
unexplored area
unexplored area
unexplored area
unexplored area
unexplored area
unexplored area
unexplored area
unexplored area
unexplored area
unexplored area
NAngel of Moloch
unexplored area
unexplored area
unexplored area
Ypriest of Mog
unexplored area
ovampire bat
unexplored area
unexplored area
unexplored area
'rogue called Paul the Robber
unexplored area
unexplored area
unexplored area
unexplored area
unexplored area
unexplored area
unexplored area
unexplored area
unexplored area
unexplored area
unexplored area
unexplored area
unexplored area
unexplored area
wblue dragon
unexplored area
unexplored area
unexplored area
unexplored area
unexplored area
unexplored area
unexplored area
unexplored area
unexplored area
unexplored area
unexplored area
@Angel of Issek
unexplored area
unexplored area
unexplored area
unexplored area
unexplored area
unexplored area
unexplored area
unexplored area
unexplored area
unexplored area
unexplored area
unexplored area
unexplored area
unexplored area
unexplored area
unexplored area
unexplored area
unexplored area
wall
wall
wall
wall
wall
|open door
wall
wall
wall
wall
wall
unexplored area
unexplored area
unexplored area
unexplored area
unexplored area
unexplored area
TPestilence
unexplored area
unexplored area
unexplored area
oAngel of Moloch
unexplored area
unexplored area
unexplored area
unexplored area
unexplored area
unexplored area
DAngel of Issek
unexplored area
unexplored area
unexplored area
unexplored area
unexplored area
unexplored area
unexplored area
unexplored area
unexplored area
unexplored area
unexplored area
unexplored area
unexplored area
unexplored area
unexplored area
unexplored area
unexplored area
unexplored area
unexplored area
unexplored area
unexplored area
unexplored area
unexplored area
unexplored area
unexplored area
unexplored area
unexplored area
unexplored area
unexplored area
unexplored area
unexplored area
unexplored area
unexplored area
unexplored area
unexplored area
unexplored area
unexplored area
unexplored area
unexplored area
unexplored area
unexplored area
unexplored area
unexplored area
unexplored area
unexplored area
unexplored area
unexplored area
unexplored area
unexplored area
unexplored area
unexplored area
unexplored area
qpriestess of Moloch
ZAngel of Moloch
%a killer bee corpse
Dpriestess of Moloch
&Angel of Moloch
unexplored area
unexplored area
unexplored area
unexplored area
unexplored area
unexplored area
unexplored area
unexplored area
unexplored area
unexplored area
unexplored area
unexplored area
unexplored area
unexplored area
unexplored area
unexplored area
unexplored area
unexplored area
unexplored area
unexplored area
unexplored area
unexplored area
unexplored area
unexplored area
unexplored area
unexplored area
unexplored area
unexplored area
unexplored area
unexplored area
unexplored area
unexplored area
unexplored area
unexplored area
unexplored area
unexplored area
unexplored area
unexplored area
unexplored area
unexplored area
unexplored area
unexplored area
unexplored area
unexplored area
unexplored area
unexplored area
unexplored area
unexplored area
unexplored area
unexplored area
unexplored area
unexplored area
unexplored area
unexplored area
unexplored area
unexplored area
unexplored area
unexplored area
unexplored area
unexplored area
unexplored area
unexplored area
unexplored area
unexplored area
unexplored area
unexplored area
unexplored area
unexplored area
unexplored area
unexplored area
unexplored area
unexplored area
unexplored area
unexplored area
unexplored area
unexplored area
;priestess of Moloch
.dark part of a room
.dark part of a room
unexplored area
unexplored area
unexplored area
unexplored area
unexplored area
unexplored area
unexplored area
unexplored area
unexplored area
unexplored area
unexplored area
unexplored area
unexplored area
unexplored area
unexplored area
unexplored area
unexplored area
unexplored area
unexplored area
unexplored area
unexplored area
unexplored area
;priest of Mog
unexplored area
:priest of Issek
unexplored area
unexplored area
unexplored area
unexplored area
unexplored area
vAngel of Mog
unexplored area
unexplored area
unexplored area
Gpurple worm
unexplored area
unexplored area
unexplored area
unexplored area
unexplored area
unexplored area
unexplored area
unexplored area
unexplored area
unexplored area
unexplored area
unexplored area
unexplored area
unexplored area
unexplored area
unexplored area
unexplored area
unexplored area
unexplored area
unexplored area
unexplored area
unexplored area
unexplored area
zglass piercer, hiding on the ceiling
unexplored area
unexplored area
unexplored area
unexplored area
unexplored area
unexplored area
unexplored area
unexplored area
unexplored area
.dark part of a room
.dark part of a room
.dark part of a room
unexplored area
unexplored area
unexplored area
Agiant ant
unexplored area
dAngel of Moloch
@Famine
.dark part of a room
.dark part of a room
soldier ant
unexplored area
unexplored area
unexplored area
unexplored area
unexplored area
:umber hulk
unexplored area
unexplored area
unexplored area
unexplored area
unexplored area
unexplored area
unexplored area
unexplored area
oAngel of Moloch
unexplored area
unexplored area
unexplored area
unexplored area
unexplored area
unexplored area
unexplored area
unexplored area
unexplored area
unexplored area
unexplored area
unexplored area
unexplored area
unexplored area
unexplored area
unexplored area
unexplored area
unexplored area
unexplored area
unexplored area
unexplored area
unexplored area
unexplored area
unexplored area
unexplored area
unexplored area
unexplored area
unexplored area
unexplored area
unexplored area
unexplored area
unexplored area
unexplored area
unexplored area
unexplored area
unexplored area
unexplored area
unexplored area
unexplored area
unexplored area
unexplored area
vDeath
unexplored area
unexplored area
unexplored area
unexplored area
unexplored area
unexplored area
unexplored area
unexplored area
unexplored area
.dark part of a room
.dark part of a room
.dark part of a room
wall
unexplored area
unexplored area
unexplored area
unexplored area
.dark part of a room
Fkiller bee
.dark part of a room
.dark part of a room
unexplored area
unexplored area
unexplored area
unexplored area
unexplored area
unexplored area
unexplored area
unexplored area
unexplored area
unexplored area
unexplored area
unexplored area
unexplored area
unexplored area
Dice troll
unexplored area
unexplored area
unexplored area
unexplored area
unexplored area
unexplored area
unexplored area
unexplored area
unexplored area
unexplored area
unexplored area
unexplored area
unexplored area
unexplored area
unexplored area
unexplored area
unexplored area
unexplored area
unexplored area
unexplored area
unexplored area
unexplored area
unexplored area
unexplored area
unexplored area
unexplored area
unexplored area
unexplored area
unexplored area
unexplored area
unexplored area
unexplored area
unexplored area
unexplored area
unexplored area
unexplored area
unexplored area
unexplored area
unexplored area
unexplored area
unexplored area
unexplored area
unexplored area
unexplored area
unexplored area
unexplored area
unexplored area
unexplored area
unexplored area
unexplored area
unexplored area
unexplored area
.dark part of a room
.dark part of a room
.dark part of a room
.dark part of a room
wall
wall
unexplored area
'fire ant
.dark part of a room
%a soldier ant corpse
.dark part of a room
.dark part of a room
unexplored area
unexplored area
unexplored area
@Angel of Moloch
FAngel of Moloch
unexplored area
unexplored area
unexplored area
unexplored area
unexplored area
unexplored area
wknight called Eric the Seignieur
unexplored area
unexplored area
unexplored area
unexplored area
unexplored area
unexplored area
unexplored area
unexplored area
unexplored area
unexplored area
unexplored area
unexplored area
unexplored area
unexplored area
unexplored area
unexplored area
unexplored area
unexplored area
unexplored area
unexplored area
unexplored area
unexplored area
unexplored area
unexplored area
unexplored area
unexplored area
unexplored area
unexplored area
unexplored area
unexplored area
unexplored area
unexplored area
unexplored area
unexplored area
unexplored area
unexplored area
unexplored area
unexplored area
unexplored area
unexplored area
unexplored area
unexplored area
unexplored area
unexplored area
unexplored area
unexplored area
unexplored area
unexplored area
unexplored area
unexplored area
unexplored area
unexplored area
SAngel of Moloch
unexplored area
unexplored area
unexplored area
.dark part of a room
.dark part of a room
MAngel of Moloch
&vampire bat
wall
wall
wall
wall
%Famine's corpse
wall
unexplored area
unexplored area
unexplored area
unexplored area
unexplored area
unexplored area
unexplored area
unexplored area
unexplored area
unexplored area
unexplored area
unexplored area
unexplored area
@Angel of Moloch
unexplored area
unexplored area
unexplored area
unexplored area
unexplored area
unexplored area
unexplored area
unexplored area
unexplored area
unexplored area
unexplored area
unexplored area
unexplored area
unexplored area
unexplored area
unexplored area
unexplored area
unexplored area
unexplored area
unexplored area
unexplored area
unexplored area
unexplored area
unexplored area
unexplored area
unexplored area
unexplored area
unexplored area
unexplored area
unexplored area
unexplored area
unexplored area
unexplored area
unexplored area
unexplored area
unexplored area
unexplored area
unexplored area
unexplored area
unexplored area
unexplored area
unexplored area
unexplored area
unexplored area
unexplored area
unexplored area
unexplored area
unexplored area
unexplored area
unexplored area
unexplored area
unexplored area
unexplored area
unexplored area
unexplored area
unexplored area
.dark part of a room
.dark part of a room
.dark part of a room
.dark part of a room
)a long sword
%a lurker above corpse
.dark part of a room
.dark part of a room
RAngel of Moloch
unexplored area
unexplored area
unexplored area
unexplored area
uAngel of Moloch
unexplored area
unexplored area
unexplored area
unexplored area
unexplored area
unexplored area
unexplored area
unexplored area
unexplored area
unexplored area
@Angel of Moloch
unexplored area
unexplored area
unexplored area
unexplored area
unexplored area
unexplored area
unexplored area
unexplored area
unexplored area
unexplored area
unexplored area
unexplored area
unexplored area
unexplored area
unexplored area
unexplored area
unexplored area
unexplored area
unexplored area
unexplored area
unexplored area
unexplored area
unexplored area
unexplored area
unexplored area
unexplored area
unexplored area
unexplored area
unexplored area
unexplored area
unexplored area
unexplored area
unexplored area
unexplored area
unexplored area
unexplored area
unexplored area
unexplored area
unexplored area
unexplored area
unexplored area
unexplored area
unexplored area
unexplored area
unexplored area
unexplored area
unexplored area
unexplored area
unexplored area
unexplored area
unexplored area
unexplored area
unexplored area
unexplored area
unexplored area
unexplored area
wall
wall
wall
wall
wall
wall
wall
unexplored area
unexplored area
unexplored area
unexplored area
unexplored area
unexplored area
unexplored area
unexplored area
unexplored area
unexplored area
unexplored area
unexplored area
unexplored area
unexplored area
unexplored area
unexplored area
unexplored area
unexplored area
unexplored area
unexplored area
unexplored area
unexplored area
unexplored area
unexplored area
unexplored area
unexplored area
unexplored area
unexplored area
unexplored area
unexplored area
unexplored area
unexplored area
unexplored area
unexplored area
unexplored area
unexplored area
unexplored area
unexplored area
[Rustyspoon the Robber ] St:25 Dx:17 Co:18 In:13 Wi:16 Ch:14 Lawful Astral Plane $:0 HP:339(380) Pw:47(63) AC:-25 Xp:16 T:37635 Satiated Blind Hallu

Latest messages:

The giant ant misses!
The fire ant misses!
The fire ant misses!
The giant beetle misses!
The priest of Issek misses!
The priest of Issek misses!
What do you want to drink? [v or ?*]
Oh wow! Everything feels so cosmic!
The wumpus misses!
The iron piercer misses!
The peer misses!
What do you want to take off? [CDEF or ?*]
The dwarf misses!
The ice troll just misses!
The errata elemental misses!
You hear a mumbled curse.
The poohbah of Morgoth misses!
Poohbah of Blind Io misses!
The poohbah of Mitra casts a spell at you!
A sudden geyser slams into you from nowhere!
You hear a mumbled curse.
The titan misses!
The acid blob misses!
You finish taking off your helm.
What do you want to wear? [FG or ?*]
The vrock misses!
The large mimic bites!
The coyote bites!
You're on fire!
The fire doesn't feel hot!
You hear a mumbled curse.
The poohbah of Brigit hits!
The poohbah of Huhetotl kicks!
You finish your dressing maneuver.
Your mind oscillates wildly.
You are blasted by Stormbringer's power!
You are blasted by the Master Key of Thievery's power!
The helmet called opposite alignment vibrates for a moment.
My brain hurts!
You try to feel what is lying here on the altar.
There is a high altar to Issek (lawful) here.
You feel no objects here.
The dwarf lady moves the Terminator of AnDoR dRaKoN out of the way!
What do you want to sacrifice? [q or ?*]
You offer the Amulet of Yendor to Issek...
An invisible choir sings, and you are bathed in radiance...
The voice of Issek thunders: "Mortal, thou hast done well!"
"In return for thy service, I grant thee the gift of Immortality!"
You ascend to the status of Demigoddess...
Do you want your possessions identified? [ynq] (y)

Inventory:

Amulets

S - an uncursed amulet of reflection (being worn)

Weapons

a - the blessed rustproof +7 Stormbringer (wielded in right hand)
w - a blessed +7 silver saber (wielded in left hand)

Armor

A - a blessed +5 T-shirt with text "/Valar morghulis/ -- /Valar dohaeris/" (being worn)
B - a blessed greased +4 gray dragon scale mail (being worn)
C - a blessed greased burnt +4 cloak of displacement (being worn)
D - a blessed greased fireproof +4 pair of speed boots (being worn)
E - a blessed rustproof +4 pair of gauntlets of power (being worn)
F - an uncursed rustproof +4 dwarvish iron helm
G - a cursed greased rustproof +2 helm of opposite alignment (being worn)

Comestibles

L - an uncursed lizard corpse named KFC

Spellbooks

Y - the cursed Book of the Dead

Rings

c - a blessed ring of shock resistance (on left hand)
n - a blessed ring of free action (on right hand)

Wands

d - an uncursed wand of death (0:5)
g - an uncursed wand of death (1:2)
h - an uncursed wand of death (0:6)
r - an uncursed wand of teleportation (0:7)
z - an uncursed wand of digging (0:1)
H - an uncursed wand of teleportation (0:5)
M - an uncursed wand of teleportation (0:6)
V - an uncursed wand of teleportation (0:5)
W - an uncursed wand of teleportation (0:5)

Tools

b - a blessed greased bag of holding containing 79 items
e - a blessed stethoscope
f - the uncursed Candelabrum of Invocation (0 of 7 candles attached)
k - an uncursed skeleton key
p - the blessed Master Key of Thievery
s - a cursed sack named cancellation containing 1 item
t - a blessed blindfold
u - a blessed +0 unicorn horn named LhR;
O - the cursed Bell of Opening (0:1)

Gems/Stones

x - an uncursed luckstone

Contents of the bag of holding:

an uncursed amulet of flying
an uncursed amulet of life saving
an uncursed amulet of magical breathing
11 uncursed +2 elven daggers
an uncursed +0 pair of water walking boots
an uncursed +0 mummy wrapping
10 uncursed food rations
an uncursed lizard corpse named MCD
8 blessed scrolls of blank paper
13 uncursed scrolls of blank paper
a blessed scroll of charging
a blessed scroll of earth
3 uncursed scrolls of earth
an uncursed scroll of enchant weapon
a blessed scroll of gold detection
a blessed scroll of remove curse
an uncursed scroll of taming
20 potions of holy water
4 uncursed potions of water
4 potions of unholy water
an uncursed potion of water
3 blessed diluted potions of extra healing
4 blessed diluted potions of full healing
an uncursed potion of full healing
an uncursed potion of full healing
2 blessed potions of levitation
3 uncursed potions of levitation
3 uncursed potions of paralysis
2 blessed potions of restore ability
an uncursed ring of free action
a blessed ring of levitation
an uncursed ring of levitation
an uncursed ring of levitation
an uncursed ring of regeneration
an uncursed ring of regeneration
an uncursed ring of regeneration
an uncursed ring of regeneration
an uncursed wand of slow monster (0:5)
an uncursed wand of slow monster (0:7)
an uncursed wand of striking (0:5)
an uncursed wand of striking (0:5)
an uncursed wand of striking (0:3)
an uncursed wand of striking (0:6)
an uncursed wand of striking (0:5)
an uncursed wand of cold (0:4)
an uncursed wand of cold (0:0)
a blessed wand of digging (0:4)
an uncursed wand of digging (0:5)
an uncursed wand of digging (0:8)
an uncursed wand of digging (0:6)
an uncursed wand of digging (0:5)
an uncursed wand of digging (0:4)
an uncursed wand of digging (0:8)
an uncursed wand of digging (0:6)
an uncursed wand of fire (0:2)
an uncursed wand of fire (0:4)
an uncursed wand of fire (0:0)
an uncursed wand of lightning (0:8)
an uncursed wand of lightning (0:8)
an uncursed wand of lightning (0:2)
an uncursed wand of lightning (0:7)
an uncursed wand of lightning (0:4)
a blessed wand of secret door detection (0:14)
an uncursed wand of secret door detection (0:13)
an uncursed wand of secret door detection (0:11)
an uncursed wand of secret door detection (0:13)
an uncursed wand of sleep (0:6)
an uncursed wand of sleep (0:5)
an uncursed wand of sleep (0:7)
an uncursed bugle
5 uncursed tallow candles
10 uncursed wax candles
an uncursed can of grease (0:6)
an uncursed leash
a blessed magic marker (0:19)
an uncursed magic whistle
an uncursed oil lamp
an uncursed +0 pick-axe
2 uncursed amethyst stones

Contents of the sack named cancellation:

an uncursed wand of cancellation (0:1)

Rustyspoon the Rogue's attributes:


Background:

You were a Robber, a level 16 female orcish Rogue.
You were lawful, temporarily on a mission for Issek
who was opposed by Mog (neutral) and Kos (chaotic).
You were actually chaotic.
You were in the endgame, on the Astral Plane.
You entered the dungeon 37635 turns ago.
There was a new moon in effect when your adventure ended.
You had 339986 experience points, 300014 more were needed to attain level 17.

Basics:

You had 339 out of 380 hit points.
You had 47 out of 63 energy points (spell power).
Your armor class was -25.
Your wallet was empty.
Autopickup was on for '?!' plus thrown, with exceptions.

Final Characteristics:

Your strength was 25 (base:18/50, innate limit:18/50).
Your dexterity was 17 (peak:18, limit:18).
Your constitution was 18 (limit:18).
Your intelligence was 13 (limit:16).
Your wisdom was 16 (limit:16).
Your charisma was 14 (limit:16).

Final Status:

You were hallucinating.
You were temporarily blind.
You were satiated.
You were unencumbered.
You were wielding two weapons at once.
You were skilled in broadsword and two weapons.
You also were skilled in saber and two weapons.

Final Attributes:

You were the Glory of Arioch.
You were fervently aligned.
You were magic-protected.
You were fire resistant.
You were cold resistant.
You were sleep resistant.
You were shock resistant.
Your items were protected from electric shocks.
You were poison resistant.
You were level-drain resistant.
You would have seen invisible when not blind.
You were telepathic.
You were warned.
You had automatic searching.
You had infravision.
You were displaced.
You were stealthy.
You had teleport control.
You were warded.
You took half physical damage.
You were very fast.
You had reflection.
You had free action.
You were extremely lucky.
You had extra luck.
Bad luck did not time out for you.
Good luck did not time out for you.
You survived.

Miscellaneous:
You encountered 1 bones level.
Total elapsed playing time was 5 hours, 13 minutes and 24 seconds.

Major events:

Turn

1: rustyspoon the chaotic female orcish Rogue entered the dungeon
692: attained the rank of Cutpurse (level 3)
1583: entered the Gnomish Mines
2269: attained the rank of Rogue (level 6)
2589: destroyed elky's ghost, the former Fighter
7141: entered Sokoban
7388: completed 1st Sokoban level
8109: completed 2nd Sokoban level
8483: completed 3rd Sokoban level
9452: completed 4th Sokoban level
9562: acquired the Sokoban amulet of reflection
9582: attained the rank of Pilferer (level 10)
11900: was bestowed with Stormbringer by Kos
16437: acquired the Mines' End luckstone
17302: found Demonbane on the floor
17824: was bestowed with Ogresmasher by Kos
17883: killed the Oracle
18472: entered the Bigroom
22942: killed Medusa
25783: made her first wish - "blessed greased fixed +2 gray dragon scale mail", got "a greased gray dragon scale mail"
25838: wished for "2 blessed scrolls of charging", got "2 scrolls labeled KO BATE"
25843: wished for "uncursed magic marker", got "a magic marker"
26016: was chosen to steal souls for the Glory of Kos
27504: wished for "blessed fixed greased +2 boots of speed", got "a greased pair of mud boots"
27758: attained the rank of Robber (level 14)
29778: found the Master Key of Thievery on the floor
29779: killed the Master Assassin
29786: acquired the Bell of Opening
30838: entered Gehennom
31795: performed her first genocide (class L)
31795: genocided class h
31797: genocided class R
32320: bribed Asmodeus with 80 zorkmids for safe passage
33450: bribed Baalzebub with 3 zorkmids for safe passage
34229: destroyed Vlad the Impaler
34235: acquired the Candelabrum of Invocation
34595: killed Orcus
35802: wished for "blessed magic marker", got "a magic marker"
35952: wished for "blessed greased fixed +2 helm of opposite alignment", got "a greased crested helmet"
36237: killed the Wizard of Yendor
36244: acquired the Book of the Dead
36252: performed the invocation
36381: killed the high priestess of Moloch
36386: acquired The Amulet of Yendor
36804: killed the Wizard of Yendor (2nd time)
37358: entered the Elemental Planes
37358: entered Plane of Earth
37359: killed the Wizard of Yendor (3rd time)
37414: entered Plane of Air
37486: entered Plane of Fire
37501: entered Plane of Water
37504: genocided class ;
37598: entered the Astral Plane
37611: killed Famine
37635: ascended

Vanquished creatures:

Orcus
the Wizard of Yendor (thrice)
Famine
Vlad the Impaler
a high cleric
Medusa
16 krakens
3 iron golems
4 storm giants
a balrog
2 purple worms
a gold dragon
a silver dragon
5 white dragons
4 orange dragons
a blue dragon
a green dragon
a yellow dragon
16 minotaurs
a jabberwock
the Master Assassin
3 baluchitheria
2 Angels
a demilich
a stone golem
a master mind flayer
an Olog-hai
2 Nazgul
3 pit fiends
a sandestin
a hell hound
2 displacer beasts
3 titanotheres
4 trappers
a baby red dragon
21 guardian nagas
a genetic engineer
19 vampire leaders
3 skeletons
a shopkeeper
the Oracle
7 aligned clerics
4 captains
6 shades
3 liches
a clay golem
3 nurses
5 ice devils
2 nalfeshnees
4 lurkers above
a frost giant
4 ettins
2 golden nagas
5 black puddings
25 vampires
7 lieutenants
30 ghosts
4 queen bees
13 giant mimics
2 long worms
3 zruties
2 fire giants
3 ogre tyrants
2 ice trolls
8 rock trolls
2 flesh golems
6 elven monarchs
a doppelganger
5 hezrous
3 bone devils
7 large mimics
3 wumpuses
a fire vortex
2 couatls
5 stalkers
13 air elementals
an earth elemental
8 water elementals
a hill giant
4 giant mummies
4 black nagas
5 xorns
16 giant zombies
2 elf-nobles
6 sergeants
6 barbed devils
2 vrocks
a warg
3 winter wolves
3 hell hound pups
12 small mimics
2 glass piercers
7 warhorses
6 steam vortices
5 xans
4 ettin mummies
2 ogre leaders
9 quantum mechanics
11 trolls
2 sasquatches
3 wood golems
3 erinyes
4 mariliths
2 djinn
8 sharks
8 electric eels
3 gelatinous cubes
2 pyrolisks
2 large dogs
6 freezing spheres
8 flaming spheres
6 shocking spheres
5 large cats
5 tigers
6 gargoyles
3 tengu
4 ochre jellies
3 leocrottas
10 energy vortices
4 mountain centaurs
3 stone giants
an elf mummy
6 human mummies
2 red nagas
a green slime
3 pythons
4 pit vipers
6 cobras
24 wraiths
a carnivorous ape
14 ettin zombies
3 leather golems
15 Grey-elves
46 soldiers
5 amorous demons
3 horned devils
21 chameleons
2 crocodiles
12 giant beetles
4 quivering blobs
10 cockatrices
9 wolves
5 winter wolf cubs
4 panthers
3 gremlins
3 spotted jellies
65 leprechauns
9 orc-captains
5 iron piercers
2 mumakil
6 giant spiders
8 scorpions
4 horses
2 ice vortices
a baby long worm
5 black lights
15 vampire bats
a forest centaur
6 gnome rulers
3 orc mummies
a dwarf mummy
an ogre
5 brown puddings
8 rust monsters
11 owlbears
5 yetis
2 gold golems
a werewolf
4 Green-elves
6 piranha
21 giant eels
9 lizards
9 chickatrices
2 dogs
a housecat
4 jaguars
8 dwarf leaders
a blue jelly
2 white unicorns
3 gray unicorns
2 black unicorns
9 dust vortices
4 ravens
3 plains centaurs
a gnome mummy
7 snakes
4 apes
16 human zombies
3 rope golems
15 Woodland-elves
19 soldier ants
56 fire ants
2 bugbears
3 imps
3 lemures
5 quasits
3 wood nymphs
17 water nymphs
6 mountain nymphs
3 Mordor orcs
6 Uruk-hai
6 orc shamans
7 rock piercers
a rock mole
a pony
a fog cloud
10 yellow lights
3 shriekers
5 violet fungi
18 gnome leaders
5 gnomish wizards
4 kobold mummies
a red naga hatchling
5 gray oozes
6 barrow wights
14 elf zombies
11 ghouls
3 straw golems
4 paper golems
6 jellyfish
23 giant ants
a little dog
7 floating eyes
3 kittens
25 dwarves
7 homunculi
3 kobold leaders
2 kobold shamans
21 hill orcs
20 rothes
5 centipedes
2 giant bats
a monkey
17 orc zombies
11 dwarf zombies
2 wererats
2 werejackals
13 iguanas
75 killer bees
6 acid blobs
5 coyotes
3 gas spores
6 hobbits
11 manes
3 large kobolds
2 orcs
6 giant rats
4 cave spiders
3 yellow molds
3 green molds
2 red molds
67 gnomes
15 garter snakes
6 gnome zombies
8 geckos
14 jackals
5 foxes
3 goblins
12 grid bugs
3 bats
11 lichens
13 kobold zombies
10 newts
1754 creatures vanquished.

Genocided or extinct species:

hobbits
dwarves
bugbears
dwarf leaders
dwarf rulers
mind flayers
master mind flayers
liches
demiliches
master liches
arch-liches
rust monsters
disenchanters
erinyes (extinct)
jellyfish
piranha
sharks
giant eels
electric eels
krakens
19 species genocided.
1 species extinct.

Voluntary challenges:

You read items or engraved 124 times.
You engraved Elbereth 2 times.
You genocided 19 types of monsters.
You never changed form.
You used 6 wishes.
You did not wish for any artifacts.
You did not violate any of the special Sokoban rules.

Achievements:

You attained the rank of Cutpurse.
You entered the Gnomish Mines.
You attained the rank of Rogue.
You entered Sokoban.
You completed Sokoban.
You attained the rank of Pilferer.
You entered a temple.
You completed the Gnomish Mines.
You entered the Big Room.
You entered a shop.
You defeated Medusa.
You learned the tune to open and close the Castle's drawbridge.
You attained the rank of Robber.
You had the Bell of Opening.
You entered Gehennom.
You had the Candelabrum of Invocation.
You had the Book of the Dead.
You gained access to Moloch's Sanctum.
You reached the Elemental Planes.
You reached the Astral Plane.
You delivered the Amulet of Yendor.
You ascended!

The Elemental Planes:

   Astral Plane: <- You are here.
A temple to Issek.
Plane of Water:
Plane of Fire:
Plane of Air:
Plane of Earth:

The Dungeons of Doom: levels 1 to 27

   Level 1:
A fountain.
One way stairs up to The Elemental Planes.
Level 2:
Many fountains.
Level 3: "stash chest"
Level 4: "backup mithril chest"
Stairs down to The Gnomish Mines.
Level 5:
A fountain.
Level 6:
A fountain.
Level 7:
An altar.
Level 8: "longsword <"
Many fountains.
Oracle of Delphi.
Level 9:
A temple.
Stairs up to Sokoban, level 8.
Level 10:
A grave.
Level 11: "backup holding >"
Level 12:
A fountain, many trees.
A very big room.
Level 13:
A grave.
Level 14:
A temple.
Level 15:
An altar.
Portal to The Quest.
Level 16: "polytrap"
Level 17:
A primitive area.
Level 18:
An altar to Issek.
Level 19:
Level 20:
Level 21:
An untended shop.
Level 22:
A sink.
Level 23:
A fountain.
Level 24:
Level 25:
Level 26: "! stash >"
Level 27:
A fountain.
The castle (play notes "GEDCE" to open or close drawbridge).
Connection to Gehennom.

Gehennom: levels 28 to 49

   Level 28: "stash _"
A temple, many graves.
Valley of the Dead.
Level 29:
Level 30:
Level 31:
Level 32:
Level 33:
A fountain.
Level 34:
Level 35:
Level 36:
Level 37:
Level 38:
Level 39:
Stairs up to Vlad's Tower, level 38.
Level 40:
Level 41:
Some shops, an altar, many graves.
Level 42:
Level 43:
Level 44:
Level 45:
Level 46:
Level 47:
Level 48:
Level 49:
A temple, many graves.
Moloch's Sanctum.

The Gnomish Mines: levels 5 to 13

   Level 5:
Level 6: "sell stash >"
A grave.
Final resting place for
elky-Val-Dwa-Fem-Law, killed by a killer bee.
Level 7: "pick axe >"
Level 8: "backup mitril"
An altar.
Level 9: "polytrap"
Level 10:
Level 11:
Level 12:
Level 13: "backup sack"

The Quest: levels 1 to 6

   Level 1:
Completed quest for the Master of Thieves.
Level 2:
Level 3:
Level 4:
Level 5:
Level 6:

Sokoban: levels 8 up to 5

   Level 5:
Solved.
Level 6: "yeenoghu+juiblex next level"
Solved.
Level 7: "coaligned uni"
Solved.
Level 8:
Solved.

Vlad's Tower: levels 38 up to 36

   Level 36:
Level 37:
Level 38:

Goodbye rustyspoon the Demigoddess...


You went to your reward with 832782 points,
Stormbringer (worth 8000 zorkmids and 20000 points)
The Candelabrum of Invocation (worth 5000 woolongs and 12500 points)
The Master Key of Thievery (worth 3500 credit chits and 8750 points)
The Bell of Opening (worth 5000 aurics and 12500 points)
The Book of the Dead (worth 10000 Altarian Dollars and 25000 points)
and 0 pieces of gold, after 37635 moves.
You were level 16 with a maximum of 380 hit points when you ascended.